 Dungeon Crawl Stone Soup version 0.31-a0-236-g9a0961fb85 (webtiles) character file.

Game seed: 2785444542328005202

28 qw the Shooter (level 3, 0/21 HPs)
             Began as a Gargoyle Hexslinger on July 10, 2023.
             Slain by Terence
             ... wielding a +0 morningstar
              (2 damage)
             ... on level 2 of the Dungeon.
             The game lasted 00:00:17 (984 turns).

qw the Shooter (Gargoyle Hexslinger)                 Turns: 984, Time: 00:00:17

Health: 0/21       AC:  6    Str: 11    XL:     3   Next: 12%
Magic:  4/4        EV: 12    Int: 13    God:
Gold:   43         SH:  0    Dex: 14    Spells: 3/4 levels left

rFire   . . .        Y - +1 sling
rCold   . . .        (no shield)
rNeg    + . .        c - +0 robe
rPois   inf          e - +0 helmet
rElec   +            (no cloak)
rCorr   .            (no gloves)
SInv    .            (no boots)
Will    .....        g - amulet of the acrobat
Stlth   +            (no ring)
HPRegen 0.23/turn    (no ring)
MPRegen 0.09/turn

%: acrobat
@: no status effects
A: sickness immunity, AC +3, negative energy resistance 1, electricity
resistance, torment resistance 1, petrification resistance
a: no special abilities


You were on level 2 of the Dungeon.
You visited 1 branch of the dungeon, and saw 2 of its levels.

You collected 43 gold pieces.


Innate Abilities, Weirdness & Mutations

You are immune to sickness and miasma.
Your stone body is resilient. (AC +3)
You are immune to poison.
You resist negative energy. (rN+)
You are resistant to electric shocks. (rElec)
You are resistant to unholy torment.
You are immune to petrification.


   Skills:
 - Level 2.1 Fighting
 + Level 3.0 Ranged Weapons
 - Level 1.5 Dodging
 - Level 1.0 Spellcasting
 - Level 2.6 Hexes


You had 3 spell levels left.
You knew the following spells:

 Your Spells              Type           Power      Damage    Failure   Level
a - Slow                  Hex            28%        N/A       10%         1

Your spell library contained the following spells:

 Spells                   Type           Power      Damage    Failure   Level
 Inner Flame              Hex/Fire       4%         N/A       43%         3
 Portal Projectile        Hex/Tloc       8%         N/A       43%         3
 Cause Fear               Hex            3%         N/A       67%         4

Inventory:

Hand Weapons
 Y - a +1 sling (weapon)
Armour
 c - a +0 robe (worn)
 e - a +0 helmet (worn)
Jewellery
 g - an amulet of the acrobat (around neck)
Scrolls
 a - a scroll of enchant armour {unknown}
Potions
 h - a potion of curing {unknown}

Dungeon Overview and Level Annotations

Branches:
Dungeon (2/15)

Altars:

Annotations:
D:2 Terence


Message History

You shoot a sling bullet. The sling bullet hits the adder.
You kill the adder!
Your Fighting skill increases to level 2!
You have reached level 3!
Your experience leads to an increase in your attributes!
Increase (S)trength, (I)ntelligence, or (D)exterity?
You feel agile. x2
You shoot a sling bullet.
The sling bullet closely misses Terence.
Terence barely misses you.
You shoot a sling bullet. The sling bullet barely misses Terence.
Terence barely misses you.
You shoot a sling bullet.
The sling bullet hits Terence but does no damage.
Terence hits you with a +0 morningstar. Terence closely misses you.
You shoot a sling bullet.
The sling bullet hits Terence but does no damage.
Terence barely misses you.
You shoot a sling bullet.
The sling bullet hits Terence but does no damage.
Terence closely misses you.
You shoot a sling bullet.
The sling bullet hits Terence but does no damage.
Terence barely misses you.
You shoot a sling bullet.
The sling bullet closely misses Terence.
Terence hits you with a +0 morningstar!
Ouch! That really hurt!
Terence hits you with a +0 morningstar.
You shoot a sling bullet.
The sling bullet closely misses Terence.
Terence misses you.
You shoot a sling bullet. The sling bullet hits Terence.
Terence is lightly wounded.
Terence closely misses you.
You shoot a sling bullet.
The sling bullet hits Terence but does no damage.
Terence is lightly wounded.
Terence hits you with a +0 morningstar.
You die...

#~##.#########.#
+.##.# #.#
#.##.# #(# #.#
#.# #.# #.# #.#
#.# #.# #.# #.#
#@# ......@.#
#######.# #.#
#.# #.# #.# #.#


You could see Terence.

Vanquished Creatures
  An adder (D:2)
  A ball python (D:1)
  2 bats
  4 endoplasms
  A hobgoblin (D:1)
  3 jackals (D:1)
  A quokka (D:1)
  A frilled lizard (D:1)
  3 rats
17 creatures vanquished.

Notes
Turn   | Place    | Note
-------+----------+-------------------------------------------
     0 | D:1      | qw the Gargoyle Hexslinger began the quest for the Orb.
     0 | D:1      | Reached XP level 1. HP: 12/12 MP: 2/2
     0 | D:1      | 0 ||| qw: Version: 0.3-a-52-g30416fa
     0 | D:1      | 0 ||| qw: Game counter: 4804
     0 | D:1      | 0 ||| qw: Melee chars always use a shield: true
     0 | D:1      | 0 ||| qw: God list: Okawaru
     0 | D:1      | 0 ||| qw: Allow faded altars: false
     0 | D:1      | 0 ||| qw: Do Orc after clearing Dungeon:15 true
     0 | D:1      | 0 ||| qw: Do second Lair branch before Depths: true
     0 | D:1      | 0 ||| qw: Lair rune preference: random
     0 | D:1      | 0 ||| qw: Goals: Normal
     0 | D:1      | 0 ||| PLANNING D:1-11
   344 | D:1      | Reached XP level 2. HP: 13/16 MP: 3/3
   688 | D:1      | Reached skill level 3 in Ranged Weapons
   855 | D:1      | 855 ||| UPGRADING to +0 helmet.
   860 | D:1      | 860 ||| UPGRADING to amulet of the acrobat.
   865 | D:1      | 865 ||| READING scroll labelled JETEDDYRHU.
   866 | D:1      | 866 ||| READING scroll labelled ZULIOG DIMUNI.
   867 | D:1      | 867 ||| DROPPING scroll of poison.
   968 | D:2      | Noticed Terence
   975 | D:2      | Reached XP level 3. HP: 20/21 MP: 4/4
   981 | D:2      | HP: 3/21 [Terence/+0 morningstar (14)]
   981 | D:2      | HP: 1/21 [Terence/+0 morningstar (2)]
   984 | D:2      | Slain by Terence

Levels and vault maps discovered:
D:1:      eino_arrival_water_cross, layout_loops_corners
D:2:      layout_basic, corexii_corridor_pit, uniq_terence

Skill      XL: |  1  2 |
---------------+-------+-----
Ranged Weapons | 3 |  3.0
Fighting       | 2 |  2.1
Dodging        | |  1.5
Spellcasting   | |  1.0
Hexes          | |  2.6

Action                     || total
---------------------------++-------
   Fire: Sling             ||    72
    Use: Scroll            ||     2
 Armour: Robe              ||    10
  Dodge: Dodged            ||    28

Table legend:
 A = Non-vault XP
 B = Vault XP
 C = Vault XP percentage of total XP
 D = Non-vault monster count
 E = Vault monster count
 F = Vault count percentage of total count
                 A         B        C        D         E       F
            +---------+---------+-------+---------+---------+-------
      Total |      40 |       0 |   0.0 |      17 |       0 |   0.0
            +---------+---------+-------+---------+---------+-------
        D:1 |      22 |       0 |   0.0 |      12 |       0 |   0.0
        D:2 |      18 |       0 |   0.0 |       5 |       0 |   0.0
            +---------+---------+-------+---------+---------+-------
